 Dungeon Crawl Stone Soup version 0.29.1-2-gbd0b4ee654 (webtiles) character file.

Game seed: 17444051498557565179

639 qeuew the Sneak (level 7, -5/47 HPs)
             Began as an Octopode Brigand on Nov 4, 2022.
             Slain by an ice beast (12 damage)
             ... on level 5 of the Dungeon.
             The game lasted 00:07:33 (3861 turns).

qeuew the Sneak (Octopode Brigand)                  Turns: 3861, Time: 00:07:34

Health: -5/47      AC:  1    Str: 11    XL:     7   Next: 51%
Magic:  9/9        EV: 13    Int: 13    God:
Gold:   226        SH:  5    Dex: 15    Spells: 6/9 levels left

rFire   . . .      SeeInvis .   a - +3 dagger
rCold   . . .      Faith    .   (no shield)
rNeg    . . .      Spirit   .   (helmet restricted)
rPois   .          Reflect  +   i - amulet of reflection
rElec   .          Harm     .   (no ring)
rCorr   .          Rampage  .   (no ring)
Will    .....                   (no ring)
Stlth   +++++.....              (no ring)
HPRegen 0.15/turn               (no ring)
MPRegen 0.11/turn               (no ring)
                                (no ring)
                                (no ring)

@: no status effects
A: almost no armour, amphibious, 8 rings, camouflage 1, gelatinous body 1,
(nimble swimmer 1), tentacles
a: no special abilities


You were on level 5 of the Dungeon.
You visited 1 branch of the dungeon, and saw 5 of its levels.

You collected 226 gold pieces.

Inventory:

Hand Weapons
 a - a +3 dagger (weapon)
Missiles
 b - 3 poisoned darts (quivered)
 c - 3 curare-tipped darts
Jewellery
 h - a +6 ring of dexterity
 i - an amulet of reflection (around mantle)
Wands
 d - a wand of polymorph (6)
Scrolls
 g - a scroll of summoning
 m - a scroll of amnesia
 o - 2 scrolls of magic mapping
Potions
 f - a potion of might
 j - a potion of curing
 l - a potion of flight


   Skills:
 * Level 3.7 Fighting
 * Level 4.0 Short Blades
 * Level 3.0 Throwing
 * Level 2.3 Dodging
 + Level 7.9 Stealth
 + Level 0.6 Shields
 * Level 1.5 Spellcasting
 * Level 2.0 Hexes


You had 6 spell levels left.
You knew the following spells:

 Your Spells              Type           Power      Damage    Failure   Level
a - Confusing Touch       Hex            6%         N/A       34%         3

Your spell library contained the following spells:

 Spells                   Type           Power      Damage    Failure   Level
 Slow                     Hex            24%        N/A       12%         1
 Shock                    Conj/Air       0%         1d3       26%         1
 Swiftness                Air            0%         N/A       63%         3
 Vampiric Draining        Necr           0%         2d6       63%         3
 Airstrike                Air            0%         2d(0-16)  95%         4


Dungeon Overview and Level Annotations

Branches:
Dungeon (5/15)
 Temple: D:4-7

Altars:
Cheibriados
Sif Muna
Uskayaw

Annotations:
D:4 3 runed translucent doors, qeuew's ghost, novice FoFi


Innate Abilities, Weirdness & Mutations

You cannot wear most types of armour.
You are amphibious.
You can wear up to eight rings at the same time.
Your skin changes colour to match your surroundings (Stealth+).
Your rubbery body absorbs attacks. (AC +1, EV +1)
((You are camouflaged when in or above water. (Stealth+)))
You have tentacles for arms and can constrict up to eight enemies at once.


Message History

Unknown command.
Throw: 5 darts (poison)
Press: ? - help, Q - select action, (/) - cycle Shift-Dir - straight line, f/p - ice beast
Aim: an ice beast (poisoned, 60% to hit)
You throw a poisoned dart. The poisoned dart hits the ice beast.
Unknown command.
Throw: 4 darts (poison)
Press: ? - help, Q - select action, (/) - cycle Shift-Dir - straight line, f/p - ice beast
Aim: an ice beast (poisoned, 60% to hit)
You throw a poisoned dart.
The poisoned dart barely misses the ice beast.
Unknown command.
The ice beast misses you.
You hit the ice beast but do no damage. Your squeeze misses the ice beast.
You hit the ice beast but do no damage. The ice beast hits you.
The ice beast freezes you!
You are too injured to fight recklessly!
You are too injured to fight recklessly!
You hit the ice beast but do no damage.
Your tentacle-slap misses the ice beast.
Your squeeze misses the ice beast.
The ice beast looks more healthy.
You block the ice beast's attack.
You barely miss the ice beast. You squeeze the ice beast.
The ice beast is moderately wounded.
The ice beast hits you. The ice beast freezes you!
* * * LOW HITPOINT WARNING * * *
You hit the ice beast. You squeeze the ice beast.
The ice beast is heavily wounded.
The ice beast misses you.
You hit the ice beast. Your squeeze misses the ice beast.
The ice beast is severely wounded.
You completely miss the ice beast. You squeeze the ice beast.
The ice beast is severely wounded.
The ice beast closely misses you.
You hit the ice beast. You squeeze the ice beast.
The ice beast is almost dead.
The ice beast hits you.
* * * LOW HITPOINT WARNING * * *
The ice beast freezes you!
You die...

....##...#......
#.#..........##
#.#..#.†.....###
#.#..#.........#
.#........#...###
......#.).#...####
.................#
.####.#..).....#.#
#.....@......#
###.#.#Y...##.##...
.!.....(.......[..##..#
#######(#....(....##(.#
#........(.... ..#
#............###.#
..##.##..(>(.....###
... ..# .......†)(Y.##
... .. ......).oo.<#


You could see an ice beast.

Vanquished Creatures
  2 ogres (D:4)
  A bullfrog (D:4)
  2 necrophages (D:4)
  A howler monkey (D:5)
  2 orc priests
  A mummy (D:4)
  8 adders
  A white imp (D:5)
  3 worms
  A dart slug (D:1)
  10 orcs
  2 ball pythons
  5 bats
  4 endoplasms
  3 giant cockroaches
  4 goblins
  4 hobgoblins
  10 jackals
  8 kobolds
  5 quokkas
  A frilled lizard (D:1)
  5 rats
83 creatures vanquished.

Vanquished Creatures (collateral kills)
  3 orcs (D:3)
3 creatures vanquished.

Grand Total: 86 creatures vanquished

Notes
Turn   | Place    | Note
-------+----------+-------------------------------------------
     0 | D:1      | qeuew the Octopode Brigand began the quest for the Orb.
     0 | D:1      | Reached XP level 1. HP: 14/14 MP: 1/1
   104 | D:1      | Reached XP level 2. HP: 19/19 MP: 2/2
   310 | D:1      | Found a faded altar of an unknown god.
   624 | D:1      | Reached XP level 3. HP: 24/24 MP: 3/3
   727 | D:2      | Reached skill level 6 in Stealth
  1159 | D:2      | Reached XP level 4. HP: 28/30 MP: 4/4
  1482 | D:3      | Found a shimmering blue altar of Sif Muna.
  1756 | D:3      | Found a hide-covered altar of Uskayaw.
  1838 | D:3      | Reached XP level 5. HP: 30/35 MP: 5/5
  1860 | D:3      | Learned a level 3 spell: Confusing Touch
  2435 | D:4      | Found a runed translucent gate.
  2435 | D:4      | Found a runed translucent gate.
  2435 | D:4      | Found a runed translucent gate.
  2703 | D:4      | Noticed an ogre
  2710 | D:4      | Killed an ogre
  2711 | D:4      | Reached skill level 7 in Stealth
  2711 | D:4      | Reached skill level 1 in Hexes
  2711 | D:4      | Reached XP level 6. HP: 42/42 MP: 6/6
  2889 | D:4      | Reached skill level 1 in Spellcasting
  2889 | D:4      | Reached XP level 7. HP: 37/46 MP: 8/8
  3123 | D:4      | Found a snail-covered altar of Cheibriados.
  3475 | D:4      | Noticed qeuew's ghost (novice FoFi)
  3509 | D:5      | Entered Level 5 of the Dungeon
  3861 | D:5      | Slain by an ice beast

Illustrated notes

Levels and vault maps discovered:
D:1:      dpeg_arrival_subterranean_lakeside_camping, layout_rooms,
          basic_ecumenical_altar
D:2:      layout_rooms
D:3:      layout_basic, general_overflow_altar,
          mainiacjoe_overflow_concentric_impassable, kennysheep_crisscross
D:4:      cheibrodos_quashed, layout_loops_cross, chei_slow_surprise,
          gammafunk_ghost_necromancy
D:5:      layout_basic, nemelex_diamond_rough_becter

Skill      XL: |  1  2  3  4  5  6  7 |
---------------+----------------------+-----
Stealth        | 6 7 |  7.9
Fighting       | 3 |  3.7
Short Blades   | 3 4 |  4.0
Dodging        | 2 |  2.3
Hexes          | 1 2 |  2.0
Spellcasting   | 1 |  1.5
Throwing       | 3 |  3.0
Shields        | |  0.6

Action                   |  1- 3 |  4- 6 |  7- 9 || total
-------------------------+-------+-------+-------++-------
Melee: Dagger            |    56 |    75 |    54 ||   185
       Tentacles         |     8 |    12 |    13 ||    33
       Constrict         |     6 |    16 |     9 ||    31
Throw: Dart              |       |       |     6 ||     6
  Use: Scroll            |     2 |     5 |     2 ||     9
       Potion            |     1 |     6 |     1 ||     8
 Stab: Sleeping          |    18 |    11 |     5 ||    34
Armor: Skin              |     1 |     3 |     2 ||     6
Dodge: Dodged            |    18 |    37 |    29 ||    84
Block: Other             |     3 |    14 |     9 ||    26
